 Dungeon Crawl Stone Soup version 0.31-a0-851-g7ff8af7976 (webtiles) character file.

Game seed: 559564612938344726

8002 randomguy2701 the Carver (level 11, -1/86 HPs)
             Began as a Gnoll Wanderer on Oct 6, 2023.
             Was a Believer of Ashenzari.
             Slain by a two-headed ogre
             ... wielding a +0 giant club
              (16 damage)
             ... on level 9 of the Dungeon.
             The game lasted 00:35:09 (11404 turns).

randomguy2701 the Carver (Gnoll Wanderer)          Turns: 11404, Time: 00:35:10

Health: -1/86      AC: 13    Str: 13    XL:     11   Next: 24%
Magic:  24/24      EV: 18    Int: 12    God:    Ashenzari [**....]
Gold:   590        SH:  0    Dex: 16    Spells: 24/28 levels left

rFire   . . .        N - +5 falchion
rCold   . . .        (no shield)
rNeg    . . .        j - +1 ring mail {rPois}
rPois   +            i - +2 hat "I Foresaw This" {Will+, Elem, Bglg} (curse)
rElec   +            v - +0 cloak of Ashenzari's Omen {Comp, Fort} (curse)
rCorr   .            s - +1 pair of gloves of the Enlightened Seeker {Range, Self} (curse)
SInv    +            (no boots)
Will    +++..        g - amulet of the Lumpy Bounties {RegenMP Rampage rF+ Will+}
Stlth   +++          f - ring of the Transparent Lychee {rElec rF- Will+ EV+5 Str+2}
HPRegen 0.34/turn    q - ring of see invisible
MPRegen 0.59/turn

%: rampage
@: no status effects
A: fangs 1, strong nose, distributed training
a: Renounce Religion, Shatter the Chains


You were on level 9 of the Dungeon.
You worshipped Ashenzari.
Ashenzari was pleased with you.
You visited 1 branch of the dungeon, and saw 10 of its levels.
You also visited: Ossuary and Bailey.

You collected 590 gold pieces.

Inventory:

Hand Weapons
 I - a +6 halberd of draining
 N - a +5 falchion (weapon)
Armour
 a - an orb of mayhem
 e - a +2 leather armour of poison resistance
 i - the cursed +2 hat "I Foresaw This" (worn) {Will+, Elem, Bglg}
   (You found it on level 3 of the Dungeon)

   It has a curse which improves the following skills: Elements: Fire Magic, Ice
   Magic, Air Magic and Earth Magic.
   Beguiling: Conjurations, Hexes and Translocations.
 j - a +1 ring mail of poison resistance (worn)
 s - the cursed +1 pair of gloves of the Enlightened Seeker (worn) {Range, Self}
   (You found it on level 7 of the Dungeon)

   It has a curse which improves the following skills: Ranged Combat: Ranged
   Weapons and Throwing.
   Introspection: Fighting and Spellcasting.
 v - the cursed +0 cloak of Ashenzari's Omen (worn) {Comp, Fort}
   (You found it on level 5 of the Dungeon)

   It has a curse which improves the following skills: Companions: Summonings
   and Necromancy.
   Fortitude: Armour and Shields.
Jewellery
 f - the ring of the Transparent Lychee (left hand) {rElec rF- Will+ EV+5 Str+2}
   (You found it on level 2 of the Dungeon)

   [ring of evasion]

   EV+5:      It affects your evasion (+5).
   Str+2:     It affects your strength (+2).
   rF-:       It makes you vulnerable to fire.
   rElec:     It insulates you from electricity.
   Will+:     It increases your willpower.
 g - the amulet of the Lumpy Bounties (around neck) {RegenMP Rampage rF+ Will+}
   (You found it on level 2 of the Dungeon)

   [amulet of magic regeneration]

   RegenMP:   It increases your rate of magic regeneration.
   rF+:       It protects you from fire.
   Will+:     It increases your willpower.
   Rampage:   It bestows one free step when moving towards enemies.
 q - a ring of see invisible (right hand)
Wands
 r - a wand of roots (9)
 u - a wand of polymorph (4)
 A - a wand of paralysis (9)
 L - a wand of flame (27)
Scrolls
 b - a scroll of fog
 k - a scroll of immolation
 m - 3 scrolls of vulnerability
 n - 6 scrolls of noise
 o - 7 scrolls of identify
 t - a scroll of enchant armour
 z - a scroll of fear
 B - 2 scrolls of teleportation
 K - a scroll of poison
 M - a scroll of blinking
Potions
 c - 6 potions of curing
 d - 2 potions of attraction
 h - 2 potions of heal wounds
 l - a potion of lignification
 p - a potion of berserk rage
 w - 5 potions of might
 x - 3 potions of degeneration
 C - 3 potions of haste
 D - 4 potions of cancellation
 E - a potion of invisibility
 F - a potion of mutation
 G - 2 potions of brilliance
 H - a potion of resistance
 J - a potion of enlightenment


   Skills:
 + Level 6.8(8.0) Fighting
 + Level 6.2 Short Blades
 + Level 10.6 Long Blades
 + Level 6.2 Axes
 + Level 6.2 Maces & Flails
 + Level 6.2 Polearms
 + Level 6.2 Staves
 + Level 6.2(7.3) Ranged Weapons
 + Level 6.2(7.3) Throwing
 + Level 7.8(9.0) Armour
 + Level 6.2 Dodging
 + Level 6.2 Stealth
 + Level 6.2(7.3) Shields
 + Level 6.2 Unarmed Combat
 + Level 8.1(9.2) Spellcasting
 + Level 5.1(6.2) Conjurations
 + Level 5.1(6.2) Hexes
 + Level 5.1(6.2) Summonings
 + Level 5.1(6.2) Necromancy
 + Level 5.1(6.2) Translocations
 + Level 5.1 Transmutations
 + Level 5.1(6.2) Fire Magic
 + Level 5.1(6.2) Ice Magic
 + Level 5.1(6.2) Air Magic
 + Level 5.1(6.2) Earth Magic
 + Level 5.1 Poison Magic
 + Level 6.8 Invocations
 + Level 6.8 Evocations
 + Level 5.6 Shapeshifting


You had 24 spell levels left.
You knew the following spells:

 Your Spells              Type           Power      Damage    Failure   Level
a - Foxfire               Conj/Fire      80%        2x1d8     1%          1
b - Swiftness             Air            20%        N/A       5%          3

Your spell library contained the following spells:

 Spells                   Type           Power      Damage    Failure   Level
 Ensorcelled Hibernation  Hex/Ice        40%        N/A       2%          2
 Passwall                 Tmut/Erth      15%        N/A       3%          2
 Dazzling Flash           Conj/Hex       40%        N/A       5%          3
 Hailstorm                Conj/Ice       20%        3d6       5%          3
 Volatile Blastmotes      Fire/Tloc      40%        2d13      5%          3
 Ignite Poison            Fire/Tmut/Pois 18%        N/A       8%          3
 Summon Ice Beast         Ice/Summ       20%        N/A       19%         4
 Simulacrum               Ice/Necr       10%        N/A       95%         6
 Starburst                Conj/Fire      10%        6d5       95%         6
 Maxwell's Capacitive Co  Air            10%        ∞         100%        8


Dungeon Overview and Level Annotations

Branches:
Dungeon (10/15)            Temple (0/1) D:7             Orc (0/2) D:10
Ossuary (visited)          Bailey (visited)
   Lair: D:8-11

Altars:
Ashenzari
Fedhas
Gozag
Okawaru
Ru
Sif Muna

Shops:
D:8 :

Annotations:
D:5 1 runed translucent door
D:6 Maggie
D:8 Grum


Innate Abilities, Weirdness & Mutations

You have very sharp teeth.
Your uncanny sense of smell can sniff out nearby items.
Your experience applies equally to all skills.


Message History

No target in view!
HP restored.
You see here a warg corpse.
There is an open door here.
You open the door.
There is an open door here.
You open the door.
There is an open door here.
There is an open door here.
There is an open door here.
You rampage towards the two-headed ogre!
You closely miss the two-headed ogre. The two-headed ogre barely misses you.
The two-headed ogre completely misses you.
You hit the two-headed ogre but do no damage.
You hit the two-headed ogre.
The two-headed ogre is lightly wounded.
The two-headed ogre completely misses you.
The two-headed ogre hits you with a +0 giant spiked club!
You hit the two-headed ogre. Your punch misses the two-headed ogre.
The two-headed ogre is lightly wounded.
You slash the two-headed ogre!
The two-headed ogre is moderately wounded.
The two-headed ogre hits you with a +0 giant club!
The two-headed ogre hits you with a +0 giant spiked club!!
You are too injured to fight recklessly!
You hit the two-headed ogre.
The two-headed ogre is heavily wounded.
You hit the two-headed ogre but do no damage.
You bite the two-headed ogre, but do no damage.
The two-headed ogre is heavily wounded.
The two-headed ogre hits you with a +0 giant club!!
* * * LOW HITPOINT WARNING * * *
The two-headed ogre completely misses you.
You closely miss the two-headed ogre. Your bite misses the two-headed ogre.
The two-headed ogre is heavily wounded.
You slash the two-headed ogre!
You bite the two-headed ogre, but do no damage.
The two-headed ogre is heavily wounded.
The two-headed ogre hits you with a +0 giant club!
You die...

.......# +......... ######## ∆∆∆
#...O..>.. #......... #.........
#......... #'# ########
########## #.# .....>.#
#........#### ####'## ......†#
#.....@O.'..####.....#
<......####........##....#...".#
.......#..'........#####.'.....#
.......#.##........# ###.....#
.........##........# #.....#
.......####........# #..>..#
.......# #........# ##'####
###.#### #........# #.# #..#
######'### #.##


You could see a two-headed ogre.

Vanquished Creatures
  Pikel (D:8)
  An orc knight (Bailey)
  An ugly thing (D:5)
  Joseph (D:9)
  Psyche (D:8)
  A komodo dragon (D:6)
  A hornet (D:9)
  10 yaks (D:9)
  A warg (D:9)
  2 water moccasins
  Duvessa (D:6)
  3 orc warriors
  An ice beast (D:8)
  3 black bears
  2 sky beasts
  A wolf (D:8)
  An ogre (D:5)
  A lemure (D:8)
  2 centaurs
  A phantom (D:5)
  A kobold brigand (D:5)
  An elf zombie (Ossuary)
  3 bullfrogs
  A scorpion (D:5)
  2 water moccasin zombies (D:5)
  7 wights
  Dowan (D:6)
  2 howler monkeys (D:6)
  4 bullfrog zombies (D:5)
  A centaur zombie (D:5)
  3 hounds
  6 orc priests
  A human zombie (Ossuary)
  A jelly (D:6)
  A gnoll bouda (D:6)
  6 iguanas
  Jessica (D:3)
  3 sleepcaps (D:5)
  7 orc wizards
  A killer bee zombie (D:5)
  2 hound zombies (D:5)
  2 hound skeletons (D:5)
  4 mummies (Ossuary)
  27 gnolls
  11 adders
  A river rat (D:5)
  4 shadow imps
  2 white imps (D:5)
  2 ufetubi
  An adder zombie (Ossuary)
  2 worms (D:5)
  The ghost of croobank the Sneak, a weakling OpDe (D:5)
  2 dart slugs
  42 orcs
  3 bats
  8 endoplasms
  5 giant cockroaches
  2 gnoll zombies (Ossuary)
  10 goblins
  6 hobgoblins
  4 jackals
  9 kobolds
  3 quokkas (D:1)
  9 ball pythons
  4 frilled lizards
  2 goblin zombies (Ossuary)
  A hobgoblin zombie (Ossuary)
  An orc zombie (Ossuary)
  8 rats
  3 rat zombies (Ossuary)
270 creatures vanquished.

Vanquished Creatures (collateral kills)
  A foxfire (D:5)
1 creature vanquished.

Vanquished Creatures (others)
  31 foxfires
31 creatures vanquished.

Grand Total: 302 creatures vanquished

Notes
Turn   | Place    | Note
-------+----------+-------------------------------------------
     0 | D:1      | randomguy2701 the Gnoll Wanderer began the quest for the
                  | Orb.
     0 | D:1      | randomguy2701 set off with the following items: a +2
                  | falchion, a +0 scale mail, a scroll of teleportation; and
                  | the following spell memorised: Foxfire; and the following
                  | spells available to memorise: Ignite Poison.
     0 | D:1      | Reached XP level 1. HP: 17/17 MP: 6/6
    94 | D:1      | Reached XP level 2. HP: 23/23 MP: 7/7
   617 | D:1      | Reached XP level 3. HP: 28/28 MP: 9/9
   686 | D:1      | Reached skill level 5 in Spellcasting
   868 | D:2      | Identified the ring of the Transparent Lychee {rElec rF-
                  | Will+ EV+5 Str+2}
   882 | D:2      | Reached skill level 1 in Invocations
   972 | D:2      | Identified the amulet of the Lumpy Bounties {RegenMP
                  | Rampage rF+ Will+}
   992 | D:2      | Reached skill level 1 in Short Blades
   992 | D:2      | Reached skill level 1 in Axes
   992 | D:2      | Reached skill level 1 in Maces & Flails
   992 | D:2      | Reached skill level 1 in Polearms
   992 | D:2      | Reached skill level 1 in Staves
   992 | D:2      | Reached skill level 1 in Ranged Weapons
   992 | D:2      | Reached skill level 1 in Throwing
   992 | D:2      | Reached skill level 1 in Dodging
   992 | D:2      | Reached skill level 1 in Stealth
   992 | D:2      | Reached skill level 1 in Shields
   992 | D:2      | Reached skill level 1 in Unarmed Combat
  1065 | D:2      | Reached XP level 4. HP: 31/34 MP: 11/11
  1073 | D:2      | Reached skill level 1 in Shapeshifting
  1364 | D:2      | Reached skill level 1 in Conjurations
  1364 | D:2      | Reached skill level 1 in Hexes
  1364 | D:2      | Reached skill level 1 in Summonings
  1364 | D:2      | Reached skill level 1 in Necromancy
  1364 | D:2      | Reached skill level 1 in Translocations
  1364 | D:2      | Reached skill level 1 in Transmutations
  1364 | D:2      | Reached skill level 1 in Fire Magic
  1364 | D:2      | Reached skill level 1 in Ice Magic
  1364 | D:2      | Reached skill level 1 in Air Magic
  1364 | D:2      | Reached skill level 1 in Earth Magic
  1364 | D:2      | Reached skill level 1 in Poison Magic
  1534 | D:3      | Reached XP level 5. HP: 19/40 MP: 10/12
  1679 | D:3      | Found a faded altar of an unknown god.
  1735 | D:3      | Noticed Jessica
  1742 | D:3      | Killed Jessica
  2150 | D:4      | Noticed a black bear
  2166 | D:4      | Killed a black bear
  2167 | D:4      | Reached skill level 5 in Armour
  2167 | D:4      | Reached XP level 6. HP: 18/47 MP: 14/14
  2291 | D:4      | Found a broken altar of Ashenzari.
  2446 | D:4      | Noticed a black bear
  2454 | D:4      | Killed a black bear
  2455 | D:4      | Reached XP level 7. HP: 47/52 MP: 15/15
  2882 | D:4      | Became a worshipper of Ashenzari the Shackled
  2909 | D:5      | Entered Level 5 of the Dungeon
  2909 | D:5      | Found a runed translucent door.
  3170 | D:5      | Noticed croobank's ghost (weakling OpDe)
  3242 | D:5      | Reached skill level 9 in Long Blades
  3543 | D:5      | Reached XP level 8. HP: 34/60 MP: 16/16
  4569 | D:5      | Found a runed translucent door.
  4642 | D:5      | Killed croobank's ghost
  4758 | D:6      | Noticed Maggie
  4925 | D:6      | Noticed Dowan
  4962 | D:6      | Noticed Jeremiah
  5165 | D:6      | Found a sand-covered staircase.
  5173 | Ossuary  | Entered an ossuary
  5174 | Ossuary  | Reached * piety under Ashenzari
  5272 | Ossuary  | Reached XP level 9. HP: 56/66 MP: 18/18
  5484 | Ossuary  | Identified the +7 trident of Purpose {protect, rN+ rCorr
                  | Stlth+}
  5699 | D:6      | Reached skill level 5 in Fighting
  5699 | D:6      | Reached skill level 5 in Evocations
  6016 | D:6      | Noticed a cyan ugly thing
  6099 | D:5      | Killed a cyan ugly thing
  6292 | D:6      | Reached skill level 5 in Invocations
  6404 | D:6      | Noticed Duvessa
  6421 | D:6      | Killed Duvessa
  6437 | D:6      | Killed Dowan
  6926 | D:7      | Found a sacrificial altar of Ru.
  6939 | D:7      | Found a staircase to the Ecumenical Temple.
  7529 | D:6      | Reached XP level 10. HP: 63/72 MP: 20/20
  7531 | D:6      | Jeremiah changed into Jeremiah the komodo dragon
  7531 | D:6      | Noticed Jeremiah
  7542 | D:6      | Killed Jeremiah the komodo dragon
  7543 | D:6      | Reached skill level 5 in Short Blades
  7543 | D:6      | Reached skill level 5 in Axes
  7543 | D:6      | Reached skill level 5 in Maces & Flails
  7543 | D:6      | Reached skill level 5 in Polearms
  7543 | D:6      | Reached skill level 5 in Staves
  7543 | D:6      | Reached skill level 5 in Ranged Weapons
  7543 | D:6      | Reached skill level 5 in Throwing
  7543 | D:6      | Reached skill level 5 in Dodging
  7543 | D:6      | Reached skill level 5 in Stealth
  7543 | D:6      | Reached skill level 5 in Shields
  7543 | D:6      | Reached skill level 5 in Unarmed Combat
  7944 | D:7      | Reached skill level 10 in Long Blades
  8061 | D:7      | Found an iron altar of Okawaru.
  8095 | D:7      | Found an opulent altar of Gozag.
  8095 | D:7      | Found a blossoming altar of Fedhas.
  8231 | D:8      | Found Keneesm's Book Boutique.
  8513 | D:8      | Found a flagged portal.
  8530 | Bailey   | Entered a bailey
  8631 | Bailey   | Noticed an orc knight
  8643 | Bailey   | Killed an orc knight
  8980 | D:8      | Noticed Pikel
  8980 | D:8      | Noticed a two-headed ogre
  8982 | D:8      | Noticed Grum
  9327 | D:8      | Killed Pikel
  9328 | D:8      | Reached skill level 5 in Shapeshifting
  9534 | D:8      | Noticed Psyche
  9547 | D:8      | Killed Psyche
  9619 | D:8      | Noticed a cyclops
  9740 | D:9      | Noticed Joseph
  9765 | D:9      | Killed Joseph
 10146 | D:9      | Reached XP level 11. HP: 51/83 MP: 22/22
 10335 | D:9      | Learned a level 3 spell: Swiftness
 10368 | D:9      | Reached ** piety under Ashenzari
 10540 | D:9      | Noticed a two-headed ogre
 10731 | D:9      | Reached skill level 5 in Conjurations
 10731 | D:9      | Reached skill level 5 in Hexes
 10731 | D:9      | Reached skill level 5 in Summonings
 10731 | D:9      | Reached skill level 5 in Necromancy
 10731 | D:9      | Reached skill level 5 in Translocations
 10731 | D:9      | Reached skill level 5 in Transmutations
 10731 | D:9      | Reached skill level 5 in Fire Magic
 10731 | D:9      | Reached skill level 5 in Ice Magic
 10731 | D:9      | Reached skill level 5 in Air Magic
 10731 | D:9      | Reached skill level 5 in Earth Magic
 10731 | D:9      | Reached skill level 5 in Poison Magic
 10917 | D:9      | Found a shimmering blue altar of Sif Muna.
 11069 | D:10     | Entered Level 10 of the Dungeon
 11284 | D:10     | Noticed a two-headed ogre
 11300 | D:10     | Found a staircase to the Orcish Mines.
 11404 | D:9      | Slain by a two-headed ogre

Illustrated notes

Levels and vault maps discovered:
D:1:      dpeg_arrival_court, layout_basic
D:2:      layout_rooms
D:3:      layout_basic, ebering_ecumenical_altar_petrified,
          hangedman_glass_teeth, chequers_garden, uniq_jessica
D:4:      layout_basic, mainiacjoe_overflow_concentric_impassable
D:5:      kb_forest_paths, layout_basic, serial_undead, serial_undead_e,
          serial_undead_a, serial_undead_f, serial_undead_c, serial_undead_c,
          serial_undead_c, serial_undead_e, serial_undead_c,
          ebering_ghost_sewer_f
D:6:      layout_loops_ring, nicolae_ossuary_entry_plus, uniq_duvessa,
          uniq_maggie, uniq_jeremiah
D:7:      layout_rooms, gammafunk_temple_overflow_pools,
          nicolae_ru_awakened_eye, mainiacjoe_overflow_alcove_1, temple_pool_b,
          nicolae_figureground_sparkle
D:8:      layout_rooms, serial_shops, shop, enter_bailey_2,
          hangedman_decor_points, uniq_grum, uniq_pikel, uniq_psyche
D:9:      layout_roguey, led_sif_pool, laboratory, uniq_joseph
D:10:     layout_basic, lair_entry_dummy, erik_orc_3

Skill      XL: |  1  2  3  4  5  6  7  8  9 10 11 |
---------------+----------------------------------+-----
Spellcasting   | 5 6 7 8 |  8.1
Invocations    | 1 2 3 4 5 6 |  6.8
Short Blades   | 1 2 3 4 5 6 |  6.2
Axes           | 1 2 3 4 5 6 |  6.2
Maces & Flails | 1 2 3 4 5 6 |  6.2
Polearms       | 1 2 3 4 5 6 |  6.2
Staves         | 1 2 3 4 5 6 |  6.2
Ranged Weapons | 1 2 3 4 5 6 |  6.2
Throwing       | 1 2 3 4 5 6 |  6.2
Dodging        | 1 2 3 4 5 6 |  6.2
Stealth        | 1 2 3 4 5 6 |  6.2
Shields        | 1 2 3 4 5 6 |  6.2
Unarmed Combat | 1 2 3 4 5 6 |  6.2
Shapeshifting  | 1 2 3 4 5 |  5.6
Conjurations   | 1 2 3 4 5 |  5.1
Hexes          | 1 2 3 4 5 |  5.1
Summonings     | 1 2 3 4 5 |  5.1
Necromancy     | 1 2 3 4 5 |  5.1
Translocations | 1 2 3 4 5 |  5.1
Transmutations | 1 2 3 4 5 |  5.1
Fire Magic     | 1 2 3 4 5 |  5.1
Ice Magic      | 1 2 3 4 5 |  5.1
Air Magic      | 1 2 3 4 5 |  5.1
Earth Magic    | 1 2 3 4 5 |  5.1
Poison Magic   | 1 2 3 4 5 |  5.1
Fighting       | 3 4 5 6 |  6.8
Evocations     | 3 4 5 6 |  6.8
Armour         | 5 6 7 |  7.8
Long Blades    | 9 10 | 10.6

Action                     |  1- 3 |  4- 6 |  7- 9 | 10-12 || total
---------------------------+-------+-------+-------+-------++-------
  Melee: Falchion          |   102 |   143 |   660 |   411 ||  1316
         Bite              |     8 |    16 |   103 |    66 ||   193
         Punch             |     1 |     2 |    22 |    20 ||    45
   Cast: Foxfire           |       |     1 |    17 |       ||    18
 Invoke: Curse Item        |       |       |     2 |     1 ||     3
  Evoke: Wand              |       |       |       |     1 ||     1
    Use: Scroll            |       |       |     4 |     5 ||     9
         Potion            |       |       |     3 |     1 ||     4
   Stab: Sleeping          |     1 |     2 |     2 |    21 ||    26
         Distracted        |       |     1 |       |     1 ||     2
 Armour: Scale mail        |    37 |       |       |       ||    37
         Leather armour    |    20 |    21 |       |       ||    41
         Ring mail         |       |    56 |   354 |   166 ||   576
  Dodge: Dodged            |    44 |   145 |   544 |   284 ||  1017

Table legend: (Time is in decaauts)
 A = Elapsed time spent in this place.
 B = Non-inter-level travel time spent in this place.
 C = Inter-level travel time spent in this place.
 D = Time resting spent in this place.
 E = Time spent auto-exploring this place.
 F = Levels seen in this place.
 G = Mean time per level.
                   A        B        C        D        E       F      G
               +--------+--------+--------+--------+--------+-----+--------+
         Total |  11187 |  10388 |    799 |     95 |   7248 |  12 |  932.2 |
       Dungeon |  10456 |   9657 |    799 |     95 |   6806 |  10 | 1045.6 |
       Ossuary |    327 |    327 |      0 |      0 |    155 |   1 |  327.0 |
        Bailey |    403 |    403 |      0 |      0 |    287 |   1 |  403.0 |
               +--------+--------+--------+--------+--------+-----+--------+

Top non-repeatable levels by time:
     D:6: 2129 daAuts
     D:5: 2093 daAuts
     D:9: 1244 daAuts
     D:8: 905 daAuts
     D:4: 869 daAuts
     D:1: 859 daAuts
     D:7: 821 daAuts
     D:3: 750 daAuts
     D:2: 539 daAuts
  Bailey: 403 daAuts
 Ossuary: 327 daAuts
    D:10: 241 daAuts
